[ AOE2 MATCH · #506170202 ]
UnrankedGeorgians vs Goths
Player's team · LOSS
Rival team · WIN
[ REPLAY ANALYSIS · EXTRACTED FROM THE RECORDED GAME ]
Feudal
8:25
Castle
23:27
Imperial
39:47
| APM avg | 60.7 |
| APM peak | 87 |
| eAPM avg | 31.4 |
| Villagers / military | 183 / 168 |
Focus
⚔️ 39.8% · 🌾 60.2%
Scout Cavalry ×37 · Hand Cannoneer ×31 · Monaspa ×24 · Knight ×21 · Cavalry Archer ×21 · Monk ×20
Feudal
8:51
Castle
19:24
Imperial
39:14
| APM avg | 90.0 |
| APM peak | 150 |
| eAPM avg | 46.8 |
| Villagers / military | 162 / 295 |
Focus
⚔️ 36.4% · 🌾 63.6%
Huskarl ×121 · Spearman ×102 · Skirmisher ×33 · Knight ×12 · Trebuchet (Packed) ×11 · Monk ×6
Match map
Initial resources + every placement click. Lines = walls · curves = elevation contours. ◆ gold · ⬟ stone · ● berries · ✦ relic · ◌ wall gap
Your base· ✓ Closed at 23:27 · 27t walls · no gate
Lamo's base· Open — opponent sealed themselves in
Smoothed initial terrain · ◌ = detected wall gap · hover for details
Inputs per minute
— NOC | shiXo.# - - Lamo
Build order — NOC | shiXo.#
First 150 of 509 actions detected
| 0:00 | Create | Villager (Male) |
| 0:00 | Create | Villager (Male) |
| 0:01 | Build | House |
| 0:02 | Build | House |
| 0:08 | Create | Villager (Male) |
| 0:08 | Create | Villager (Male) |
| 1:26 | Create | Villager (Male) |
| 1:36 | Create | Villager (Male) |
| 2:06 | Create | Villager (Male) |
| 2:36 | Create | Villager (Male) |
| 3:01 | Create | Villager (Male) |
| 3:14 | Create | Villager (Male) |
| 3:32 | Create | Villager (Male) |
| 3:47 | Create | Villager (Male) |
| 4:03 | Create | Villager (Male) |
| 4:06 | Build | House |
| 4:12 | Build | Mill |
| 4:31 | Create | Villager (Male) |
| 4:44 | Create | Villager (Male) |
| 4:54 | Create | Villager (Male) |
| 5:17 | Research | Loom |
| 5:22 | Create | Villager (Male) |
| 5:22 | Research | Loom |
| 5:56 | Research | Feudal Age |
| 6:34 | Build | House |
| 7:27 | Build | Barracks |
| 7:59 | Create | Villager (Male) |
| 8:25 | Age | Feudal Age |
| 8:34 | Build | Stable |
| 8:42 | Create | Villager (Male) |
| 9:16 | Create | Scout Cavalry |
| 9:16 | Create | Scout Cavalry |
| 9:29 | Create | Villager (Male) |
| 9:29 | Create | Villager (Male) |
| 9:37 | Build | Palisade Wall |
| 9:45 | Build | Palisade Wall |
| 9:51 | Create | Villager (Male) |
| 10:02 | Build | House |
| 10:03 | Build | House |
| 10:34 | Create | Villager (Male) |
| 10:43 | Create | Scout Cavalry |
| 10:59 | Create | Villager (Male) |
| 11:03 | Research | Double-Bit Axe |
| 11:38 | Create | Villager (Male) |
| 11:41 | Build | Farm |
| 11:42 | Build | Farm |
| 11:47 | Create | Scout Cavalry |
| 11:48 | Create | Scout Cavalry |
| 11:51 | Create | Villager (Male) |
| 12:04 | Build | Farm |
| 12:16 | Build | House |
| 12:32 | Create | Villager (Male) |
| 12:41 | Create | Villager (Male) |
| 12:42 | Build | Farm |
| 12:43 | Research | Horse Collar |
| 12:44 | Create | Villager (Male) |
| 12:56 | Create | Villager (Male) |
| 12:58 | Build | Farm |
| 13:25 | Create | Scout Cavalry |
| 13:25 | Create | Scout Cavalry |
| 13:28 | Build | Farm |
| 13:28 | Build | Farm |
| 13:30 | Build | Farm |
| 13:49 | Create | Villager (Male) |
| 13:52 | Build | Farm |
| 13:53 | Build | Farm |
| 13:56 | Build | Farm |
| 14:07 | Build | House |
| 14:10 | Build | Palisade Wall |
| 14:13 | Create | Scout Cavalry |
| 14:20 | Create | Villager (Male) |
| 14:23 | Build | Farm |
| 14:26 | Build | House |
| 14:27 | Build | Palisade Wall |
| 14:42 | Build | House |
| 14:47 | Create | Scout Cavalry |
| 14:52 | Create | Villager (Male) |
| 15:09 | Create | Scout Cavalry |
| 15:22 | Create | Villager (Male) |
| 15:32 | Create | Villager (Male) |
| 15:34 | Build | Blacksmith |
| 15:40 | Build | House |
| 15:43 | Build | House |
| 15:44 | Build | Palisade Wall |
| 15:44 | Build | Palisade Wall |
| 15:53 | Create | Villager (Male) |
| 15:56 | Build | Mule Cart |
| 16:03 | Build | House |
| 16:04 | Build | House |
| 16:04 | Build | House |
| 16:10 | Build | Farm |
| 16:20 | Research | Forging |
| 16:20 | Research | Forging |
| 16:26 | Create | Villager (Male) |
| 16:37 | Create | Villager (Male) |
| 16:47 | Create | Scout Cavalry |
| 16:53 | Build | Farm |
| 16:54 | Build | Farm |
| 16:55 | Build | Farm |
| 17:08 | Create | Villager (Male) |
| 17:13 | Build | Farm |
| 17:30 | Create | Villager (Male) |
| 17:35 | Build | Farm |
| 17:40 | Create | Scout Cavalry |
| 17:45 | Research | Bloodlines |
| 18:02 | Create | Villager (Male) |
| 18:05 | Build | Farm |
| 18:23 | Build | Mule Cart |
| 18:47 | Create | Villager (Male) |
| 18:50 | Build | Farm |
| 19:04 | Create | Villager (Male) |
| 19:33 | Create | Villager (Male) |
| 19:40 | Build | Market |
| 19:41 | Create | Villager (Male) |
| 20:20 | Create | Villager (Male) |
| 20:47 | Research | Castle Age |
| 21:46 | Build | Stable |
| 21:49 | Research | Gold Mining |
| 21:51 | Research | Wheelbarrow |
| 21:58 | Build | House |
| 22:08 | Create | Villager (Male) |
| 22:08 | Create | Villager (Male) |
| 22:09 | Create | Villager (Male) |
| 22:23 | Build | House |
| 22:26 | Build | House |
| 22:32 | Build | House |
| 22:36 | Create | Villager (Male) |
| 22:55 | Research | Scale Barding Armor |
| 23:05 | Build | House |
| 23:08 | Build | Palisade Wall |
| 23:17 | Create | Villager (Male) |
| 23:27 | Age | Castle Age |
| 23:28 | Build | Monastery |
| 23:30 | Build | Town Center |
| 23:30 | Research | Bow Saw |
| 23:31 | Create | Knight |
| 23:34 | Create | Knight |
| 23:35 | Create | Knight |
| 23:35 | Create | Knight |
| 23:39 | Build | House |
| 23:45 | Build | Monastery |
| 23:51 | Build | Mule Cart |
| 23:52 | Create | Villager (Male) |
| 23:55 | Build | House |
| 24:06 | Create | Monk |
| 24:07 | Create | Villager (Male) |
| 24:07 | Create | Villager (Male) |
| 24:17 | Research | Heavy Plow |
| 24:24 | Build | House |
| 24:28 | Build | House |
Build order — Lamo
First 150 of 643 actions detected
| 0:00 | Create | Villager (Male) |
| 0:00 | Create | Villager (Male) |
| 0:00 | Create | Villager (Male) |
| 0:01 | Build | House |
| 0:02 | Build | House |
| 0:16 | Research | Loom |
| 0:16 | Create | Villager (Male) |
| 0:16 | Create | Villager (Male) |
| 0:16 | Create | Villager (Male) |
| 1:23 | Create | Villager (Male) |
| 1:44 | Build | Lumber Camp |
| 1:58 | Create | Villager (Male) |
| 2:15 | Create | Villager (Male) |
| 2:44 | Create | Villager (Male) |
| 3:03 | Create | Villager (Male) |
| 3:38 | Create | Villager (Male) |
| 3:53 | Build | House |
| 3:55 | Create | Villager (Male) |
| 4:32 | Create | Villager (Male) |
| 4:45 | Create | Villager (Male) |
| 5:10 | Create | Villager (Male) |
| 5:12 | Create | Villager (Male) |
| 5:14 | Create | Villager (Male) |
| 5:35 | Build | Barracks |
| 6:10 | Build | House |
| 6:40 | Research | Feudal Age |
| 6:58 | Create | Militia |
| 7:01 | Build | House |
| 7:10 | Create | Militia |
| 7:30 | Create | Militia |
| 7:45 | Build | Mining Camp |
| 8:06 | Create | Villager (Male) |
| 8:51 | Age | Feudal Age |
| 8:54 | Research | Double-Bit Axe |
| 8:58 | Build | Mill |
| 9:15 | Create | Villager (Male) |
| 9:27 | Create | Villager (Male) |
| 9:29 | Create | Spearman |
| 9:40 | Research | Horse Collar |
| 9:56 | Research | Man-at-Arms (upgrade) |
| 10:00 | Build | Farm |
| 10:00 | Build | Farm |
| 10:00 | Build | Farm |
| 10:00 | Build | Farm |
| 10:06 | Build | House |
| 10:07 | Build | House |
| 10:52 | Build | Farm |
| 10:54 | Create | Villager (Male) |
| 11:02 | Build | Farm |
| 11:03 | Build | Farm |
| 11:21 | Create | Villager (Male) |
| 11:33 | Create | Villager (Male) |
| 11:38 | Build | Farm |
| 11:47 | Create | Spearman |
| 11:55 | Build | Farm |
| 11:56 | Create | Villager (Male) |
| 12:01 | Build | House |
| 12:13 | Create | Spearman |
| 12:19 | Build | House |
| 12:25 | Create | Villager (Male) |
| 12:47 | Create | Villager (Male) |
| 12:53 | Research | Horse Collar |
| 13:06 | Create | Villager (Male) |
| 13:11 | Build | Palisade Wall |
| 13:25 | Create | Villager (Male) |
| 13:34 | Build | Farm |
| 13:38 | Build | Farm |
| 13:51 | Build | Palisade Wall |
| 14:01 | Build | Palisade Wall |
| 14:03 | Create | Villager (Male) |
| 14:26 | Create | Spearman |
| 14:33 | Create | Villager (Male) |
| 14:37 | Build | Farm |
| 14:55 | Create | Villager (Male) |
| 15:11 | Build | House |
| 15:16 | Create | Spearman |
| 15:32 | Create | Villager (Male) |
| 15:36 | Build | Stable |
| 15:47 | Create | Villager (Male) |
| 15:51 | Build | Blacksmith |
| 16:07 | Build | House |
| 16:08 | Build | Palisade Wall |
| 16:10 | Build | Palisade Wall |
| 16:24 | Build | House |
| 16:32 | Build | Palisade Gate |
| 16:44 | Research | Castle Age |
| 16:45 | Create | Spearman |
| 17:15 | Build | Palisade Wall |
| 17:17 | Research | Gold Mining |
| 17:17 | Research | Gold Mining |
| 17:24 | Research | Forging |
| 17:49 | Build | Stable |
| 17:57 | Build | Farm |
| 18:00 | Build | Farm |
| 18:05 | Research | Bloodlines |
| 18:05 | Research | Bloodlines |
| 18:41 | Create | Villager (Male) |
| 18:57 | Build | Farm |
| 19:24 | Age | Castle Age |
| 19:26 | Create | Knight |
| 19:26 | Create | Knight |
| 19:39 | Create | Spearman |
| 19:47 | Build | Palisade Wall |
| 20:05 | Create | Villager (Male) |
| 20:14 | Create | Villager (Male) |
| 20:16 | Create | Knight |
| 20:16 | Create | Knight |
| 20:20 | Build | Town Center |
| 20:26 | Build | Lumber Camp |
| 20:31 | Build | Town Center |
| 20:32 | Research | Bow Saw |
| 20:45 | Build | Palisade Wall |
| 20:52 | Create | Knight |
| 20:52 | Create | Knight |
| 20:59 | Create | Villager (Male) |
| 21:15 | Create | Villager (Male) |
| 21:31 | Build | Farm |
| 21:44 | Create | Knight |
| 21:48 | Create | Villager (Male) |
| 21:54 | Build | Farm |
| 21:55 | Build | Farm |
| 22:09 | Create | Villager (Male) |
| 22:11 | Build | Farm |
| 22:12 | Build | Farm |
| 22:12 | Build | Farm |
| 22:23 | Create | Villager (Male) |
| 22:34 | Create | Villager (Male) |
| 22:35 | Create | Villager (Male) |
| 22:48 | Create | Knight |
| 22:56 | Build | Farm |
| 23:01 | Create | Villager (Male) |
| 23:09 | Build | Farm |
| 23:12 | Build | Farm |
| 23:19 | Build | Farm |
| 23:20 | Create | Villager (Male) |
| 23:20 | Create | Villager (Male) |
| 23:24 | Create | Knight |
| 23:24 | Create | Knight |
| 23:32 | Build | Farm |
| 23:34 | Create | Villager (Male) |
| 23:43 | Create | Villager (Male) |
| 23:49 | Create | Villager (Male) |
| 23:49 | Create | Villager (Male) |
| 24:00 | Create | Villager (Male) |
| 24:11 | Create | Villager (Male) |
| 24:13 | Build | Monastery |
| 24:14 | Create | Villager (Male) |
| 24:21 | Build | House |
| 24:22 | Create | Villager (Male) |
| 24:35 | Build | Farm |
Match timeline
| 5:35 | Lamo · first_building Barracks |
| 7:27 | NOC | shiXo.# · first_building Barracks |
| 8:25 | NOC | shiXo.# · age_up feudal |
| 8:34 | NOC | shiXo.# · first_building Stable |
| 8:51 | Lamo · age_up feudal |
| 9:37 | NOC | shiXo.# · wall_segment Palisade Wall x1 |
| 9:45 | NOC | shiXo.# · wall_segment Palisade Wall x1 |
| 13:11 | Lamo · wall_segment Palisade Wall x6 |
| 13:51 | Lamo · wall_segment Palisade Wall x2 |
| 14:01 | Lamo · wall_segment Palisade Wall x16 |
| 14:10 | NOC | shiXo.# · wall_segment Palisade Wall x4 |
| 14:27 | NOC | shiXo.# · wall_segment Palisade Wall x6 |
| 15:36 | Lamo · first_building Stable |
| 15:44 | NOC | shiXo.# · wall_segment Palisade Wall x11 |
| 15:44 | NOC | shiXo.# · wall_segment Palisade Wall x3 |
| 16:08 | Lamo · wall_segment Palisade Wall x1 |
| 16:10 | Lamo · wall_segment Palisade Wall x3 |
| 17:15 | Lamo · wall_segment Palisade Wall x1 |
| 19:24 | Lamo · age_up castle |
| 19:47 | Lamo · wall_segment Palisade Wall x1 |
| 20:45 | Lamo · wall_segment Palisade Wall x1 |
| 23:08 | NOC | shiXo.# · wall_segment Palisade Wall x2 |
| 23:27 | NOC | shiXo.# · age_up castle |
| 23:28 | NOC | shiXo.# · first_building Monastery |
| 24:05 | NOC | shiXo.# · first_market_sell 100 wood |
| 24:13 | Lamo · first_building Monastery |
| 24:49 | NOC | shiXo.# · first_building Siege Workshop |
| 26:01 | NOC | shiXo.# · first_market_buy 100 wood |
| 30:57 | Lamo · first_building Siege Workshop |
| 32:19 | Lamo · first_building Castle |
| 33:16 | NOC | shiXo.# · first_building Archery Range |
| 36:01 | Lamo · first_market_buy 100 food |
| 38:27 | NOC | shiXo.# · first_building Castle |
| 39:14 | Lamo · age_up imperial |
| 39:47 | NOC | shiXo.# · age_up imperial |
| 43:03 | Lamo · first_building Archery Range |
| 45:16 | Lamo · first_market_sell 100 food |
| 46:08 | NOC | shiXo.# · wall_segment Stone Wall x1 |
| 47:45 | NOC | shiXo.# · wall_segment Palisade Wall x1 |
| 50:15 | NOC | shiXo.# · resign |
[ AI ANALYSIS · 1 CREDIT ]
What really happened in this match?
Wolo.gg analyzes every decision: build order, eco, micro, common mistakes by bracket. Personalized analysis on WhatsApp or Discord in 30 seconds.
Civ guide
Georgians
Perfil
Jugador #1137086